Login

Philadelphia Flyers vs Columbus Blue Jackets

Created - 13 March 2024 at 23:11

Goals
1 2 3 T
Philadelphia Flyers 1 0 0 1
Columbus Blue Jackets 1 2 2 5
Shots
1 2 3 T
Philadelphia Flyers 12 11 10 33
Columbus Blue Jackets 18 9 14 41

GoalsPenalties
1st period
1. Columbus Blue Jackets , Patrik Laine 2 (Ivan Provorov 1, Johnny Gaudreau 3) at 0:17
2. Philadelphia Flyers , Travis Konecny 3 (Travis Hamonic 1) at 18:32
No Penalty
2nd period
3. Columbus Blue Jackets , Kirill Marchenko 3 (Boone Jenner 2) at 11:53
4. Columbus Blue Jackets , Patrik Laine 3 (Nico Hischier 6, Johnny Gaudreau 4) at 12:06 (PP)
Travis Konecny (PHI) for Slashing (Minor) at 11:54
Boone Jenner (CBJ) for Holding (Minor) at 15:25
3rd period
5. Columbus Blue Jackets , Patrik Laine 4 (Damon Severson 2, Sean Kuraly 1) at 0:57
6. Columbus Blue Jackets , Yegor Chinakhov 1 (Cole Sillinger 2, Damon Severson 3) at 15:01 (PP)
Travis Hamonic (PHI) for Tripping (Minor) at 1:53
Vince Dunn (PHI) for Tripping (Minor) at 5:14
Travis Konecny (PHI) for Roughing (Minor) at 13:38
Cole Sillinger (CBJ) for Interference (Minor) at 15:47
Goalie Stats
Samuel Ersson (PHI), 36 saves from 41 shots - (0.878), L, 1-1-0, 60:00 minutes
Brian Elliott (CBJ), 32 saves from 33 shots - (0.970), W, 1-0-0, 60:00 minutes
3 StarsOfficial
1 - Patrik Laine (CBJ)
2 - Brian Elliott (CBJ)
3 - Johnny Gaudreau (CBJ)
Referees : Troy Paterson and Mike Sheehan
Linesman : Jim Harper and Matt MacPherson
Game Note
Patrik Laine has scored a Hat Trick!
Finance
Level 1 -- Attendance: 6000 (100.00%) -- Ticket Income $600,000
Level 2 -- Attendance: 4925 (98.50%) -- Ticket Income $295,500
Level 3 -- Attendance: 1854 (92.70%) -- Ticket Income $64,890
Level 4 -- Attendance: 3463 (86.58%) -- Ticket Income $86,575
Luxury Box -- Attendance: 865 (86.50%) -- Ticket Income $173,000
Game was played at the Nationwide Arena.
Total Attendance: 17107 (95.04%)
Total Ticket Income: $1,219,965
Other Income: $597,783
Total Income: $1,817,748



Team Name Goals Shots Shots Attemp Shots Blocked PIM HIT PP PK FO%
Philadelphia Flyers 13374148160 / 2 (0%)247%
Columbus Blue Jackets 54173164192 / 4 (50%)053%

Philadelphia Flyers
Player Name POS G A P +/- PIM HIT SHT SB MP PP MP PP SHT PK MP PK SHT FO% FOT GA TA
Cam YorkD000-1013118:031:4202:2500% 000
Garnet HathawayRW0000011019:371:4603:3400% 001
Joel FarabeeLW0000003016:031:4610:0000% 310
Jonathan ToewsC0000001016:212:0600:00061% 1802
Josh NorrisC000-1004010:341:4600:0000% 001
Mark KastelicC000-100008:460:0000:0000% 400
Miles WoodLW000-1033012:590:0000:0000% 010
Morgan FrostC000-1002114:390:0601:22071% 710
Nicolas DeslauriersLW000-101109:470:0600:4300% 000
Noah CatesLW0000020219:082:0602:47033% 600
Rasmus RistolainenD000-1012023:322:1600:1800% 000
Scott LaughtonC0000023114:390:0000:24050% 1210
Sean WalkerD000-1001117:280:0003:1800% 000
Travis HamonicD0110201517:440:0002:0300% 000
Travis KonecnyRW1010404018:462:1202:16040% 520
Travis SanheimD0000011019:001:4201:5700% 000
Vince DunnD000-1213324:182:1601:0500% 010
Wade AllisonRW000-1030012:590:0000:0000% 000
Columbus Blue Jackets
Player Name POS G A P +/- PIM HIT SHT SB MP PP MP PP SHT PK MP PK SHT FO% FOT GA TA
Boone JennerC0111215120:583:2401:03085% 2000
Cole SillingerC0111214018:412:0910:0000% 110
Damon SeversonD0220013319:002:0200:0000% 012
David JiricekD0000000012:210:0000:0000% 000
Emil BemstromRW0000000015:122:0200:0000% 001
Erik GudbransonD0000031314:150:0001:5400% 000
Ivan ProvorovD0112012219:230:0002:0400% 001
Jack RoslovicC0000002012:590:0000:35017% 600
Jake BeanD000000014:290:0000:0000% 000
Johnny GaudreauLW0221023020:583:3121:1200% 200
Kirill MarchenkoRW1011008019:112:0920:3500% 210
Nick BoninoC000000006:540:0000:3600% 000
Nick LeddyD0000001318:140:0001:5400% 000
Nico HischierC0111020120:533:2402:05048% 2111
Patrik LaineLW3031044023:493:2420:40033% 300
Sean KuralyC011000106:080:0000:0000% 000
Yegor ChinakhovRW1010003015:502:0911:1000% 000
Zach WerenskiD0002044226:453:3122:0400% 002

Philadelphia Flyers

5 vs 5 Forward
Line #Left WingCenterRight WingPHYDFOFWanted %Time %Time Play
1Noah CatesJonathan ToewsTravis Konecny1223229%14:27
2Joel FarabeeScott LaughtonGarnet Hathaway1223028%14:17
3Miles WoodMorgan FrostWade Allison1222826%12:59
4Nicolas DeslauriersMark KastelicJosh Norris1221017%8:46
5 vs 5 Defense
Line #DefenseDefensePHYDFOFWanted %Time %Time Play
1Vince DunnRasmus Ristolainen1224042%21:17
2Travis SanheimTravis Hamonic1223031%15:49
3Sean WalkerCam York1222019%9:45
4Sean WalkerCam York122107%3:38
Power Play Forward
Line #Left WingCenterRight WingPHYDFOFWanted %Time %Time Play
1Noah CatesJonathan ToewsTravis Konecny1226055%2:12
2Joel FarabeeJosh NorrisGarnet Hathaway1224045%1:46
Power Play Defense
Line #DefenseDefensePHYDFOFWanted %Time %Time Play
1Vince DunnRasmus Ristolainen1226057%2:16
2Cam YorkTravis Sanheim1224043%1:42
Penalty Kill 4 Players Forward
Line #CenterWingPHYDFOFWanted %Time %Time Play
1Travis KonecnyGarnet Hathaway1226093%5:09
2Scott LaughtonNoah Cates122407%0:24
Penalty Kill 4 Players Defense
Line #DefenseDefensePHYDFOFWanted %Time %Time Play
1Sean WalkerTravis Hamonic1226065%3:36
2Travis SanheimCam York1224035%1:57
Penalty Kill 3 Players
Line #WingPHYDFOFWanted %Time %Time PlayDefenseDefensePHYDFOFWanted %Time %Time Play
1Noah Cates122600%0:00 Sean WalkerTravis Hamonic122600%0:00
2Scott Laughton122400%0:00 Travis SanheimCam York122400%0:00
4 vs 4 Forward
Line #CenterWingPHYDFOFWanted %Time %Time Play
1Jonathan ToewsTravis Konecny122600%0:00
2Josh NorrisNoah Cates122400%0:00
4 vs 4 Defense
Line #DefensePHYDFOFWanted %Time %Time Play
1Vince DunnRasmus Ristolainen122600%0:00
2Travis SanheimTravis Hamonic122400%0:00
Last Minutes Offensive
Left WingCenterRight WingDefenseDefense
Noah CatesJonathan ToewsTravis KonecnyVince DunnRasmus Ristolainen
Last Minutes Defensive
Left WingCenterRight WingDefenseDefense
Noah CatesScott LaughtonTravis KonecnyVince DunnRasmus Ristolainen
Time
Total ForwardTotal DefenseLast Minutes OffensiveLast Minutes Defensive
60:00 60:00 0:000:00
Extra Forwards
Normal PowerPlayPenalty Kill
Josh Norris, Morgan Frost, Travis KonecnyJosh Norris, Morgan FrostNoah Cates
Extra Defensemen
Normal PowerPlayPenalty Kill
Travis Sanheim, Cam York, Travis HamonicTravis Sanheim, Cam YorkTravis Hamonic
Penalty Shots
Travis Konecny, Scott Laughton, Josh Norris, Noah Cates, Morgan Frost
Goalie
Samuel Ersson, Matt Murray
Custom OT Lines Forwards
Travis Konecny, Scott Laughton, Jonathan Toews, Josh Norris, Noah Cates, Morgan Frost, Joel Farabee, Garnet Hathaway, Wade Allison, Miles Wood
Custom OT Lines Defensemen
Vince Dunn, Rasmus Ristolainen, Travis Sanheim, Travis Hamonic, Cam York
Scratches
Ryan Donato (Healthy), Jack Drury (Healthy), Egor Zamula (Healthy)

Columbus Blue Jackets

5 vs 5 Forward
Line #Left WingCenterRight WingPHYDFOFWanted %Time %Time Play
1Patrik LaineNico HischierJohnny Gaudreau1224031%15:30
2Cole SillingerBoone JennerKirill Marchenko1223033%16:27
3Emil BemstromJack RoslovicYegor Chinakhov1222025%12:24
4Patrik LaineNick BoninoSean Kuraly1221012%6:08
5 vs 5 Defense
Line #DefenseDefensePHYDFOFWanted %Time %Time Play
1Zach WerenskiIvan Provorov1224034%17:22
2Damon SeversonNick Leddy1223034%16:58
3David JiricekErik Gudbranson1222024%12:21
4Jake BeanZach Werenski122108%3:48
Power Play Forward
Line #Left WingCenterRight WingPHYDFOFWanted %Time %Time Play
1Patrik LaineBoone JennerNico Hischier1226061%3:24
2Cole SillingerKirill MarchenkoYegor Chinakhov1224039%2:09
Power Play Defense
Line #DefenseDefensePHYDFOFWanted %Time %Time Play
1Zach WerenskiJohnny Gaudreau1226063%3:31
2Damon SeversonEmil Bemstrom1224037%2:02
Penalty Kill 4 Players Forward
Line #CenterWingPHYDFOFWanted %Time %Time Play
1Nico HischierBoone Jenner1226085%3:23
2Jack RoslovicKirill Marchenko1224015%0:35
Penalty Kill 4 Players Defense
Line #DefenseDefensePHYDFOFWanted %Time %Time Play
1Zach WerenskiIvan Provorov1226052%2:04
2Erik GudbransonNick Leddy1224048%1:54
Penalty Kill 3 Players
Line #WingPHYDFOFWanted %Time %Time PlayDefenseDefensePHYDFOFWanted %Time %Time Play
1Boone Jenner122600%0:00 Erik GudbransonIvan Provorov122600%0:00
2Jack Roslovic122400%0:00 Nick LeddyZach Werenski122400%0:00
4 vs 4 Forward
Line #CenterWingPHYDFOFWanted %Time %Time Play
1Boone JennerJohnny Gaudreau122600%0:00
2Nico HischierPatrik Laine122400%0:00
4 vs 4 Defense
Line #DefensePHYDFOFWanted %Time %Time Play
1Zach WerenskiIvan Provorov122600%0:00
2Damon SeversonNick Leddy122400%0:00
Last Minutes Offensive
Left WingCenterRight WingDefenseDefense
Johnny GaudreauBoone JennerPatrik LaineZach WerenskiDamon Severson
Last Minutes Defensive
Left WingCenterRight WingDefenseDefense
Kirill MarchenkoBoone JennerYegor ChinakhovZach WerenskiIvan Provorov
Time
Total ForwardTotal DefenseLast Minutes OffensiveLast Minutes Defensive
60:00 60:00 0:000:00
Extra Forwards
Normal PowerPlayPenalty Kill
Johnny Gaudreau, Nico Hischier, Emil BemstromCole Sillinger, Patrik LaineYegor Chinakhov
Extra Defensemen
Normal PowerPlayPenalty Kill
Zach Werenski, Jake Bean, David JiricekDamon Severson, Jake BeanNick Leddy
Penalty Shots
Johnny Gaudreau, Patrik Laine, Boone Jenner, Nico Hischier, Kirill Marchenko
Goalie
Brian Elliott, Daniil Tarasov
Custom OT Lines Forwards
Nico Hischier, Johnny Gaudreau, Patrik Laine, Kirill Marchenko, Emil Bemstrom, Boone Jenner, Cole Sillinger, Yegor Chinakhov, Sean Kuraly, Jack Roslovic
Custom OT Lines Defensemen
Zach Werenski, Ivan Provorov, Damon Severson, David Jiricek, Nick Leddy
Scratches
Nick Blankenburg (Healthy), Josh Dunne (Healthy), Andrew Peeke (Healthy)


Play-by-Play

1st period


0:01 of 1st period - Nico Hischier wins face-off versus Jonathan Toews in neutral zone.
0:04 of 1st period - Noah Cates is hit by Ivan Provorov and loses puck.
0:13 of 1st period - Wrist shot by Johnny Gaudreau.
0:13 of 1st period - Stopped by Samuel Ersson with a rebound.
0:15 of 1st period - Backhand shot by Ivan Provorov.
0:15 of 1st period - Stopped by Samuel Ersson with a rebound.
0:17 of 1st period - Snap shot by Patrik Laine.
0:17 of 1st period - Goal by Patrik Laine - Philadelphia Flyers : 0 - Columbus Blue Jackets : 1.
0:18 of 1st period - Boone Jenner wins face-off versus Scott Laughton in neutral zone.
0:25 of 1st period - Wrist shot by Kirill Marchenko.
0:25 of 1st period - Deflect By Boone Jenner.
0:25 of 1st period - Shot Blocked by Travis Hamonic.
0:25 of 1st period - Puck is out of play.
0:26 of 1st period - Scott Laughton wins face-off versus Boone Jenner in Philadelphia Flyers zone.
1:01 of 1st period - Wrist shot by Kirill Marchenko.
1:01 of 1st period - Shot Blocked by Travis Hamonic.
1:03 of 1st period - Snap shot by Kirill Marchenko.
1:03 of 1st period - Shot Misses the Net.
1:05 of 1st period - Slapshot by Damon Severson.
1:05 of 1st period - Stopped by Samuel Ersson with a rebound.
1:07 of 1st period - Backhand shot by Nick Leddy.
1:07 of 1st period - Stopped by Samuel Ersson with a rebound.
1:09 of 1st period - Snap shot by Damon Severson.
1:09 of 1st period - Stopped by Samuel Ersson without a rebound.
1:10 of 1st period - Morgan Frost wins face-off versus Jack Roslovic in Philadelphia Flyers zone.
1:15 of 1st period - Emil Bemstrom is hit by Cam York and loses puck.
1:36 of 1st period - Nico Hischier is hit by Noah Cates and loses puck.
2:17 of 1st period - Wrist shot by Rasmus Ristolainen.
2:17 of 1st period - Stopped by Brian Elliott without a rebound.
2:18 of 1st period - Morgan Frost wins face-off versus Jack Roslovic in Columbus Blue Jackets zone.
2:19 of 1st period - Wrist shot by Miles Wood.
2:19 of 1st period - Shot Blocked by Jake Bean.
2:21 of 1st period - Snap shot by Wade Allison.
2:21 of 1st period - Shot Misses the Net.
2:23 of 1st period - Snap shot by Miles Wood.
2:23 of 1st period - Stopped by Brian Elliott with a rebound.
2:31 of 1st period - Slapshot by Miles Wood.
2:31 of 1st period - Stopped by Brian Elliott with a rebound.
2:33 of 1st period - Wrist shot by Miles Wood.
2:33 of 1st period - Shot Misses the Net.
2:43 of 1st period - Noah Cates is hit by Patrik Laine and loses puck.
3:06 of 1st period - Snap shot by Josh Norris.
3:06 of 1st period - Shot Blocked by Damon Severson.
3:08 of 1st period - Snap shot by Josh Norris.
3:08 of 1st period - Shot Misses the Net.
3:10 of 1st period - Snap shot by Nicolas Deslauriers.
3:10 of 1st period - Shot Hit the Post.
3:12 of 1st period - Wrist shot by Mark Kastelic.
3:12 of 1st period - Shot Hit the Post.
3:14 of 1st period - Slapshot by Sean Walker.
3:14 of 1st period - Shot Blocked by Boone Jenner.
3:29 of 1st period - Icing by Yegor Chinakhov.
3:30 of 1st period - Scott Laughton wins face-off versus Jack Roslovic in Columbus Blue Jackets zone.
3:43 of 1st period - Wrist shot by Scott Laughton.
3:43 of 1st period - Shot Blocked by Ivan Provorov.
3:55 of 1st period - Snap shot by Yegor Chinakhov.
3:55 of 1st period - Stopped by Samuel Ersson without a rebound.
3:56 of 1st period - Morgan Frost wins face-off versus Johnny Gaudreau in Philadelphia Flyers zone.
4:03 of 1st period - Wade Allison is hit by Erik Gudbranson and loses puck.
5:07 of 1st period - Snap shot by Josh Norris.
5:07 of 1st period - Stopped by Brian Elliott with a rebound.
5:46 of 1st period - Off-side.
5:47 of 1st period - Jack Roslovic wins face-off versus Jonathan Toews in neutral zone.
6:14 of 1st period - Damon Severson is hit by Miles Wood and loses puck.
6:21 of 1st period - Slapshot by Morgan Frost.
6:21 of 1st period - Shot Blocked by Damon Severson.
6:23 of 1st period - Slapshot by Morgan Frost.
6:23 of 1st period - Deflect By Miles Wood.
6:23 of 1st period - Stopped by Brian Elliott with a rebound.
7:03 of 1st period - Snap shot by Nicolas Deslauriers.
7:03 of 1st period - Stopped by Brian Elliott with a rebound.
7:38 of 1st period - Snap shot by Emil Bemstrom.
7:38 of 1st period - Shot Blocked by Travis Hamonic.
7:40 of 1st period - Slapshot by Erik Gudbranson.
7:40 of 1st period - Stopped by Samuel Ersson without a rebound.
7:41 of 1st period - Morgan Frost wins face-off versus Patrik Laine in Philadelphia Flyers zone.
7:58 of 1st period - Snap shot by Patrik Laine.
7:58 of 1st period - Shot Misses the Net.
9:07 of 1st period - Wrist shot by Morgan Frost.
9:07 of 1st period - Shot Misses the Net.
9:09 of 1st period - Backhand shot by Morgan Frost.
9:09 of 1st period - Deflect By Wade Allison.
9:09 of 1st period - Shot Blocked by Nico Hischier.
9:09 of 1st period - Puck is out of play.
9:10 of 1st period - Boone Jenner wins face-off versus Scott Laughton in Columbus Blue Jackets zone.
9:10 of 1st period - Boone Jenner is hit by Scott Laughton.
9:46 of 1st period - Slapshot by Cam York.
9:46 of 1st period - Shot Misses the Net.
9:48 of 1st period - Slapshot by Cam York.
9:48 of 1st period - Stopped by Brian Elliott without a rebound.
9:49 of 1st period - Jonathan Toews wins face-off versus Jack Roslovic in Columbus Blue Jackets zone.
10:03 of 1st period - Snap shot by Travis Konecny.
10:03 of 1st period - Stopped by Brian Elliott with a rebound.
10:05 of 1st period - Snap shot by Travis Konecny.
10:05 of 1st period - Shot Misses the Net.
10:20 of 1st period - Snap shot by Josh Norris.
10:20 of 1st period - Deflect By Jack Roslovic.
10:20 of 1st period - Shot Misses the Net.
10:20 of 1st period - Puck is out of play.
10:21 of 1st period - Boone Jenner wins face-off versus Mark Kastelic in Columbus Blue Jackets zone.
10:48 of 1st period - Slapshot by Josh Norris.
10:48 of 1st period - Stopped by Brian Elliott without a rebound.
10:49 of 1st period - Nico Hischier wins face-off versus Joel Farabee in Columbus Blue Jackets zone.
11:30 of 1st period - Snap shot by Morgan Frost.
11:30 of 1st period - Shot Misses the Net.
12:05 of 1st period - Wrist shot by Yegor Chinakhov.
12:05 of 1st period - Stopped by Samuel Ersson with a rebound.
12:08 of 1st period - Icing by Travis Hamonic.
12:09 of 1st period - Boone Jenner wins face-off versus Mark Kastelic in Philadelphia Flyers zone.
12:14 of 1st period - Snap shot by Boone Jenner.
12:14 of 1st period - Stopped by Samuel Ersson with a rebound.
13:42 of 1st period - Backhand shot by Morgan Frost.
13:42 of 1st period - Shot Blocked by Damon Severson.
13:44 of 1st period - Wrist shot by Wade Allison.
13:44 of 1st period - Shot Misses the Net.
14:12 of 1st period - Snap shot by Kirill Marchenko.
14:12 of 1st period - Stopped by Samuel Ersson with a rebound.
14:14 of 1st period - Backhand shot by Cole Sillinger.
14:14 of 1st period - Shot Blocked by Scott Laughton.
14:30 of 1st period - Backhand shot by Travis Konecny.
14:30 of 1st period - Shot Blocked by Zach Werenski.
15:22 of 1st period - Wrist shot by Morgan Frost.
15:22 of 1st period - Stopped by Brian Elliott without a rebound.
15:23 of 1st period - Boone Jenner wins face-off versus Morgan Frost in Columbus Blue Jackets zone.
15:30 of 1st period - Slapshot by Boone Jenner.
15:30 of 1st period - Deflect By Kirill Marchenko.
15:30 of 1st period - Stopped by Samuel Ersson without a rebound.
15:31 of 1st period - Jonathan Toews wins face-off versus Nico Hischier in Philadelphia Flyers zone.
15:48 of 1st period - Wrist shot by Nico Hischier.
15:48 of 1st period - Shot Misses the Net.
16:20 of 1st period - Snap shot by Jack Roslovic.
16:20 of 1st period - Shot Blocked by Morgan Frost.
16:22 of 1st period - Slapshot by Zach Werenski.
16:22 of 1st period - Stopped by Samuel Ersson with a rebound.
16:24 of 1st period - Slapshot by Ivan Provorov.
16:24 of 1st period - Stopped by Samuel Ersson with a rebound.
16:26 of 1st period - Snap shot by Ivan Provorov.
16:26 of 1st period - Shot Misses the Net.
16:59 of 1st period - Icing by Cam York.
17:00 of 1st period - Boone Jenner wins face-off versus Morgan Frost in Philadelphia Flyers zone.
17:13 of 1st period - Slapshot by Boone Jenner.
17:13 of 1st period - Stopped by Samuel Ersson without a rebound.
17:14 of 1st period - Jonathan Toews wins face-off versus Nico Hischier in Philadelphia Flyers zone.
18:32 of 1st period - Snap shot by Travis Konecny.
18:32 of 1st period - Goal by Travis Konecny - Philadelphia Flyers : 1 - Columbus Blue Jackets : 1.
18:33 of 1st period - Nico Hischier wins face-off versus Scott Laughton in neutral zone.
19:04 of 1st period - Slapshot by Boone Jenner.
19:04 of 1st period - Stopped by Samuel Ersson with a rebound.
19:06 of 1st period - Wrist shot by Boone Jenner.
19:06 of 1st period - Shot Misses the Net.
19:08 of 1st period - Slapshot by Cole Sillinger.
19:08 of 1st period - Stopped by Samuel Ersson with a rebound.
19:10 of 1st period - Snap shot by Kirill Marchenko.
19:10 of 1st period - Stopped by Samuel Ersson with a rebound.
19:20 of 1st period - Snap shot by Emil Bemstrom.
19:20 of 1st period - Shot Blocked by Sean Walker.
19:48 of 1st period - Slapshot by Scott Laughton.
19:48 of 1st period - Shot Misses the Net.
19:50 of 1st period - Slapshot by Rasmus Ristolainen.
19:50 of 1st period - Stopped by Brian Elliott without a rebound.
19:51 of 1st period - Scott Laughton wins face-off versus Nico Hischier in Columbus Blue Jackets zone.
Goals for this period are 1 for Philadelphia Flyers vs 1 for Columbus Blue Jackets.
Shots for this period are 12 for Philadelphia Flyers vs 18 for Columbus Blue Jackets.

2nd period


0:01 of 2nd period - Jonathan Toews wins face-off versus Nico Hischier in neutral zone.
1:24 of 2nd period - Josh Norris is hit by Damon Severson and loses puck.
1:47 of 2nd period - Slapshot by Jonathan Toews.
1:47 of 2nd period - Stopped by Brian Elliott with a rebound.
2:17 of 2nd period - Ivan Provorov is hit by Miles Wood and loses puck.
2:40 of 2nd period - Snap shot by Kirill Marchenko.
2:40 of 2nd period - Shot Misses the Net.
2:51 of 2nd period - Vince Dunn is hit by Cole Sillinger.
3:11 of 2nd period - Wrist shot by Travis Konecny.
3:11 of 2nd period - Stopped by Brian Elliott without a rebound.
3:12 of 2nd period - Scott Laughton wins face-off versus Nico Hischier in Columbus Blue Jackets zone.
3:19 of 2nd period - Snap shot by Joel Farabee.
3:19 of 2nd period - Shot Blocked by Erik Gudbranson.
3:39 of 2nd period - Joel Farabee is hit by Erik Gudbranson and loses puck.
4:10 of 2nd period - Snap shot by Joel Farabee.
4:10 of 2nd period - Shot Misses the Net.
4:14 of 2nd period - Wrist shot by Scott Laughton.
4:14 of 2nd period - Stopped by Brian Elliott with a rebound.
4:16 of 2nd period - Snap shot by Scott Laughton.
4:16 of 2nd period - Stopped by Brian Elliott without a rebound.
4:17 of 2nd period - Patrik Laine wins face-off versus Jonathan Toews in Columbus Blue Jackets zone.
6:04 of 2nd period - Mark Kastelic is hit by Erik Gudbranson and loses puck.
6:46 of 2nd period - Nico Hischier is hit by Wade Allison and loses puck.
6:57 of 2nd period - Snap shot by Morgan Frost.
6:57 of 2nd period - Shot Misses the Net.
7:15 of 2nd period - Cole Sillinger is hit by Noah Cates and loses puck.
7:28 of 2nd period - Nicolas Deslauriers is hit by Zach Werenski and loses puck.
7:45 of 2nd period - Slapshot by Vince Dunn.
7:45 of 2nd period - Shot Misses the Net.
8:17 of 2nd period - Snap shot by Travis Konecny.
8:17 of 2nd period - Shot Misses the Net.
9:43 of 2nd period - Snap shot by Scott Laughton.
9:43 of 2nd period - Deflect By Joel Farabee.
9:43 of 2nd period - Shot Misses the Net.
9:43 of 2nd period - Puck is out of play.
9:44 of 2nd period - Boone Jenner wins face-off versus Jonathan Toews in Columbus Blue Jackets zone.
9:51 of 2nd period - Wrist shot by Kirill Marchenko.
9:51 of 2nd period - Shot Blocked by Cam York.
9:53 of 2nd period - Slapshot by Kirill Marchenko.
9:53 of 2nd period - Stopped by Samuel Ersson without a rebound.
9:54 of 2nd period - Travis Konecny wins face-off versus Cole Sillinger in Philadelphia Flyers zone.
10:23 of 2nd period - Snap shot by Boone Jenner.
10:23 of 2nd period - Deflect By Kirill Marchenko.
10:23 of 2nd period - Shot Misses the Net.
10:23 of 2nd period - Puck is out of play.
10:24 of 2nd period - Nico Hischier wins face-off versus Scott Laughton in Philadelphia Flyers zone.
10:50 of 2nd period - Snap shot by Jack Roslovic.
10:50 of 2nd period - Stopped by Samuel Ersson with a rebound.
10:52 of 2nd period - Snap shot by Jack Roslovic.
10:52 of 2nd period - Stopped by Samuel Ersson with a rebound.
11:12 of 2nd period - Slapshot by Damon Severson.
11:12 of 2nd period - Shot Blocked by Vince Dunn.
11:37 of 2nd period - Wrist shot by Cole Sillinger.
11:37 of 2nd period - Stopped by Samuel Ersson without a rebound.
11:38 of 2nd period - Boone Jenner wins face-off versus Mark Kastelic in Philadelphia Flyers zone.
11:53 of 2nd period - Wrist shot by Kirill Marchenko.
11:53 of 2nd period - Goal by Kirill Marchenko - Philadelphia Flyers : 1 - Columbus Blue Jackets : 2.
11:54 of 2nd period - Jonathan Toews wins face-off versus Nico Hischier in neutral zone.
11:54 of 2nd period - Minor Penalty to Travis Konecny for Slashing.
11:55 of 2nd period - Boone Jenner wins face-off versus Noah Cates in Philadelphia Flyers zone.
12:06 of 2nd period - Wrist shot by Nico Hischier.
12:06 of 2nd period - Deflect By Patrik Laine.
12:06 of 2nd period - Goal by Patrik Laine - Philadelphia Flyers : 1 - Columbus Blue Jackets : 3.
12:07 of 2nd period - Jonathan Toews wins face-off versus Nico Hischier in neutral zone.
13:25 of 2nd period - Slapshot by Vince Dunn.
13:25 of 2nd period - Stopped by Brian Elliott with a rebound.
13:35 of 2nd period - Slapshot by Vince Dunn.
13:35 of 2nd period - Stopped by Brian Elliott without a rebound.
13:36 of 2nd period - Boone Jenner wins face-off versus Joel Farabee in Columbus Blue Jackets zone.
13:36 of 2nd period - Boone Jenner is hit by Scott Laughton.
14:25 of 2nd period - Wrist shot by Josh Norris.
14:25 of 2nd period - Shot Blocked by Erik Gudbranson.
14:27 of 2nd period - Snap shot by Sean Walker.
14:27 of 2nd period - Deflect By Josh Norris.
14:27 of 2nd period - Stopped by Brian Elliott with a rebound.
14:29 of 2nd period - Wrist shot by Mark Kastelic.
14:29 of 2nd period - Shot Hit the Post.
14:31 of 2nd period - Slapshot by Cam York.
14:31 of 2nd period - Stopped by Brian Elliott without a rebound.
14:32 of 2nd period - Boone Jenner wins face-off versus Mark Kastelic in Columbus Blue Jackets zone.
14:37 of 2nd period - Cam York is hit by Zach Werenski and loses puck.
14:45 of 2nd period - Off-side.
14:46 of 2nd period - Nico Hischier wins face-off versus Scott Laughton in neutral zone.
15:25 of 2nd period - Minor Penalty to Boone Jenner for Holding.
15:26 of 2nd period - Jonathan Toews wins face-off versus Nico Hischier in Columbus Blue Jackets zone.
15:59 of 2nd period - Slapshot by Joel Farabee.
15:59 of 2nd period - Stopped by Brian Elliott with a rebound.
16:01 of 2nd period - Slapshot by Rasmus Ristolainen.
16:01 of 2nd period - Shot Blocked by Zach Werenski.
16:03 of 2nd period - Slapshot by Vince Dunn.
16:03 of 2nd period - Shot Misses the Net.
16:43 of 2nd period - Erik Gudbranson is hit by Travis Sanheim and loses puck.
17:25 of 2nd period - Penalty to Boone Jenner is over, Boone Jenner is back on ice.
17:41 of 2nd period - Icing by Wade Allison.
17:42 of 2nd period - Morgan Frost wins face-off versus Jack Roslovic in Philadelphia Flyers zone.
17:51 of 2nd period - Nick Leddy is hit by Wade Allison and loses puck.
18:04 of 2nd period - Slapshot by Miles Wood.
18:04 of 2nd period - Shot Blocked by Nick Leddy.
18:19 of 2nd period - Snap shot by Kirill Marchenko.
18:19 of 2nd period - Shot Blocked by Travis Hamonic.
18:36 of 2nd period - Snap shot by Scott Laughton.
18:36 of 2nd period - Shot Misses the Net.
18:38 of 2nd period - Snap shot by Garnet Hathaway.
18:38 of 2nd period - Stopped by Brian Elliott without a rebound.
18:39 of 2nd period - Jonathan Toews wins face-off versus Johnny Gaudreau in Columbus Blue Jackets zone.
18:40 of 2nd period - Snap shot by Travis Konecny.
18:40 of 2nd period - Stopped by Brian Elliott without a rebound.
18:41 of 2nd period - Nico Hischier wins face-off versus Jonathan Toews in Columbus Blue Jackets zone.
19:08 of 2nd period - Snap shot by Boone Jenner.
19:08 of 2nd period - Shot Misses the Net.
19:10 of 2nd period - Slapshot by Ivan Provorov.
19:10 of 2nd period - Shot Blocked by Vince Dunn.
19:12 of 2nd period - Snap shot by Kirill Marchenko.
19:12 of 2nd period - Deflect By Boone Jenner.
19:12 of 2nd period - Stopped by Samuel Ersson with a rebound.
19:14 of 2nd period - Slapshot by Zach Werenski.
19:14 of 2nd period - Shot Misses the Net.
19:16 of 2nd period - Wrist shot by Boone Jenner.
19:16 of 2nd period - Stopped by Samuel Ersson with a rebound.
19:18 of 2nd period - Slapshot by Zach Werenski.
19:18 of 2nd period - Stopped by Samuel Ersson with a rebound.
19:32 of 2nd period - Slapshot by Rasmus Ristolainen.
19:32 of 2nd period - Shot Misses the Net.
19:52 of 2nd period - Wade Allison is hit by Patrik Laine and loses puck.
Goals for this period are 0 for Philadelphia Flyers vs 2 for Columbus Blue Jackets.
Shots for this period are 11 for Philadelphia Flyers vs 9 for Columbus Blue Jackets.

3rd period


0:01 of 3rd period - Nico Hischier wins face-off versus Jonathan Toews in neutral zone.
0:16 of 3rd period - Wrist shot by Nico Hischier.
0:16 of 3rd period - Shot Blocked by Noah Cates.
0:26 of 3rd period - Scott Laughton is hit by Boone Jenner and loses puck.
0:33 of 3rd period - Slapshot by Boone Jenner.
0:33 of 3rd period - Shot Misses the Net.
0:35 of 3rd period - Slapshot by Damon Severson.
0:35 of 3rd period - Stopped by Samuel Ersson with a rebound.
0:37 of 3rd period - Snap shot by Cole Sillinger.
0:37 of 3rd period - Shot Misses the Net.
0:57 of 3rd period - Slapshot by Damon Severson.
0:57 of 3rd period - Deflect By Patrik Laine.
0:57 of 3rd period - Goal by Patrik Laine - Philadelphia Flyers : 1 - Columbus Blue Jackets : 4.
0:58 of 3rd period - Nico Hischier wins face-off versus Travis Konecny in neutral zone.
1:53 of 3rd period - Minor Penalty to Travis Hamonic for Tripping.
1:54 of 3rd period - Boone Jenner wins face-off versus Travis Konecny in Philadelphia Flyers zone.
2:20 of 3rd period - Cam York is hit by Zach Werenski and loses puck.
3:53 of 3rd period - Penalty to Travis Hamonic is over, Travis Hamonic is back on ice.
4:25 of 3rd period - Damon Severson is hit by Rasmus Ristolainen.
4:44 of 3rd period - Jack Roslovic is hit by Vince Dunn and loses puck.
4:51 of 3rd period - Nicolas Deslauriers is hit by Johnny Gaudreau and loses puck.
5:14 of 3rd period - Minor Penalty to Vince Dunn for Tripping.
5:15 of 3rd period - Travis Konecny wins face-off versus Boone Jenner in Philadelphia Flyers zone.
5:29 of 3rd period - Travis Hamonic is hit by Nico Hischier and loses puck.
5:48 of 3rd period - Wrist shot by Kirill Marchenko.
5:48 of 3rd period - Stopped by Samuel Ersson with a rebound.
5:50 of 3rd period - Snap shot by Kirill Marchenko.
5:50 of 3rd period - Stopped by Samuel Ersson without a rebound.
5:51 of 3rd period - Boone Jenner wins face-off versus Travis Konecny in Philadelphia Flyers zone.
5:58 of 3rd period - Slapshot by Johnny Gaudreau.
5:58 of 3rd period - Shot Misses the Net.
6:00 of 3rd period - Wrist shot by Zach Werenski.
6:00 of 3rd period - Stopped by Samuel Ersson with a rebound.
7:14 of 3rd period - Penalty to Vince Dunn is over, Vince Dunn is back on ice.
7:25 of 3rd period - Slapshot by Travis Hamonic.
7:25 of 3rd period - Shot Blocked by Erik Gudbranson.
7:27 of 3rd period - Slapshot by Travis Hamonic.
7:27 of 3rd period - Shot Misses the Net.
8:00 of 3rd period - Zach Werenski is hit by Garnet Hathaway and loses puck.
8:53 of 3rd period - Nick Bonino is hit by Nicolas Deslauriers and loses puck.
9:15 of 3rd period - Slapshot by Morgan Frost.
9:15 of 3rd period - Shot Misses the Net.
9:17 of 3rd period - Slapshot by Cam York.
9:17 of 3rd period - Stopped by Brian Elliott with a rebound.
9:19 of 3rd period - Slapshot by Wade Allison.
9:19 of 3rd period - Shot Misses the Net.
10:33 of 3rd period - Snap shot by Josh Norris.
10:33 of 3rd period - Stopped by Brian Elliott without a rebound.
10:34 of 3rd period - Noah Cates wins face-off versus Boone Jenner in Columbus Blue Jackets zone.
11:05 of 3rd period - Snap shot by Vince Dunn.
11:05 of 3rd period - Deflect By Nico Hischier.
11:05 of 3rd period - Stopped by Brian Elliott with a rebound.
11:07 of 3rd period - Backhand shot by Scott Laughton.
11:07 of 3rd period - Stopped by Brian Elliott without a rebound.
11:08 of 3rd period - Nico Hischier wins face-off versus Scott Laughton in Columbus Blue Jackets zone.
11:17 of 3rd period - Slapshot by Travis Sanheim.
11:17 of 3rd period - Stopped by Brian Elliott without a rebound.
11:18 of 3rd period - Scott Laughton wins face-off versus Patrik Laine in Columbus Blue Jackets zone.
11:23 of 3rd period - Slapshot by Scott Laughton.
11:23 of 3rd period - Shot Misses the Net.
11:25 of 3rd period - Wrist shot by Garnet Hathaway.
11:25 of 3rd period - Deflect By Joel Farabee.
11:25 of 3rd period - Stopped by Brian Elliott with a rebound.
11:27 of 3rd period - Wrist shot by Garnet Hathaway.
11:27 of 3rd period - Shot Blocked by Nick Leddy.
11:43 of 3rd period - Snap shot by Scott Laughton.
11:43 of 3rd period - Shot Blocked by Nick Leddy.
11:45 of 3rd period - Slapshot by Travis Hamonic.
11:45 of 3rd period - Stopped by Brian Elliott without a rebound.
11:46 of 3rd period - Boone Jenner wins face-off versus Jonathan Toews in Columbus Blue Jackets zone.
12:00 of 3rd period - Backhand shot by Boone Jenner.
12:00 of 3rd period - Deflect By Kirill Marchenko.
12:00 of 3rd period - Stopped by Samuel Ersson with a rebound.
12:12 of 3rd period - Yegor Chinakhov is hit by Wade Allison and loses puck.
12:17 of 3rd period - Snap shot by Morgan Frost.
12:17 of 3rd period - Stopped by Brian Elliott with a rebound.
12:19 of 3rd period - Snap shot by Sean Walker.
12:19 of 3rd period - Shot Blocked by Ivan Provorov.
12:21 of 3rd period - Snap shot by Sean Walker.
12:21 of 3rd period - Stopped by Brian Elliott without a rebound.
12:22 of 3rd period - Nico Hischier wins face-off versus Joel Farabee in Columbus Blue Jackets zone.
12:39 of 3rd period - Slapshot by Cam York.
12:39 of 3rd period - Deflect By Joel Farabee.
12:39 of 3rd period - Stopped by Brian Elliott without a rebound.
12:40 of 3rd period - Jonathan Toews wins face-off versus Kirill Marchenko in Columbus Blue Jackets zone.
12:52 of 3rd period - Slapshot by Boone Jenner.
12:52 of 3rd period - Shot Blocked by Travis Hamonic.
12:54 of 3rd period - Wrist shot by Ivan Provorov.
12:54 of 3rd period - Deflect By Cole Sillinger.
12:54 of 3rd period - Stopped by Samuel Ersson without a rebound.
12:55 of 3rd period - Scott Laughton wins face-off versus Nico Hischier in Philadelphia Flyers zone.
13:00 of 3rd period - Vince Dunn is hit by Johnny Gaudreau and loses puck.
13:28 of 3rd period - Snap shot by Kirill Marchenko.
13:28 of 3rd period - Shot Misses the Net.
13:30 of 3rd period - Snap shot by Damon Severson.
13:30 of 3rd period - Shot Blocked by Vince Dunn.
13:32 of 3rd period - Slapshot by Kirill Marchenko.
13:32 of 3rd period - Shot Misses the Net.
13:38 of 3rd period - Minor Penalty to Travis Konecny for Roughing.
13:39 of 3rd period - Boone Jenner wins face-off versus Noah Cates in Philadelphia Flyers zone.
13:48 of 3rd period - Slapshot by Johnny Gaudreau.
13:48 of 3rd period - Shot Blocked by Noah Cates.
13:50 of 3rd period - Slapshot by Zach Werenski.
13:50 of 3rd period - Deflect By Boone Jenner.
13:50 of 3rd period - Shot Misses the Net.
13:50 of 3rd period - Puck is out of play.
13:51 of 3rd period - Boone Jenner wins face-off versus Noah Cates in Philadelphia Flyers zone.
13:56 of 3rd period - Snap shot by Patrik Laine.
13:56 of 3rd period - Stopped by Samuel Ersson with a rebound.
13:58 of 3rd period - Slapshot by Zach Werenski.
13:58 of 3rd period - Deflect By Garnet Hathaway.
13:58 of 3rd period - Stopped by Samuel Ersson without a rebound.
13:59 of 3rd period - Boone Jenner wins face-off versus Noah Cates in Philadelphia Flyers zone.
14:20 of 3rd period - Slapshot by Johnny Gaudreau.
14:20 of 3rd period - Stopped by Samuel Ersson with a rebound.
14:22 of 3rd period - Slapshot by Johnny Gaudreau.
14:22 of 3rd period - Stopped by Samuel Ersson with a rebound.
14:24 of 3rd period - Snap shot by Zach Werenski.
14:24 of 3rd period - Deflect By Nico Hischier.
14:24 of 3rd period - Shot Hit the Post.
14:24 of 3rd period - Puck is out of play.
14:25 of 3rd period - Noah Cates wins face-off versus Kirill Marchenko in Philadelphia Flyers zone.
14:46 of 3rd period - Morgan Frost is hit by Patrik Laine and loses puck.
14:57 of 3rd period - Snap shot by Kirill Marchenko.
14:57 of 3rd period - Shot Misses the Net.
14:59 of 3rd period - Slapshot by Damon Severson.
14:59 of 3rd period - Deflect By Cole Sillinger.
14:59 of 3rd period - Stopped by Samuel Ersson with a rebound.
15:01 of 3rd period - Wrist shot by Yegor Chinakhov.
15:01 of 3rd period - Goal by Yegor Chinakhov - Philadelphia Flyers : 1 - Columbus Blue Jackets : 5.
15:02 of 3rd period - Jonathan Toews wins face-off versus Nico Hischier in neutral zone.
15:47 of 3rd period - Minor Penalty to Cole Sillinger for Interference.
15:48 of 3rd period - Jonathan Toews wins face-off versus Nico Hischier in Columbus Blue Jackets zone.
17:47 of 3rd period - Penalty to Cole Sillinger is over, Cole Sillinger is back on ice.
18:03 of 3rd period - Wrist shot by Patrik Laine.
18:03 of 3rd period - Deflect By Sean Kuraly.
18:03 of 3rd period - Stopped by Samuel Ersson with a rebound.
18:17 of 3rd period - Nicolas Deslauriers is hit by Zach Werenski.
18:37 of 3rd period - David Jiricek is hit by Miles Wood and loses puck.
18:48 of 3rd period - Sean Walker is hit by Nico Hischier and loses puck.
19:32 of 3rd period - Snap shot by Boone Jenner.
19:32 of 3rd period - Shot Misses the Net.
19:46 of 3rd period - Joel Farabee is hit by Patrik Laine.
Goals for this period are 0 for Philadelphia Flyers vs 2 for Columbus Blue Jackets.
Shots for this period are 10 for Philadelphia Flyers vs 14 for Columbus Blue Jackets.